 Dungeon Crawl Stone Soup version 0.28-a0-1114-g8eb0198dcf (webtiles) character file.

Game seed: 12973339841142080644

0 Gargoyl the Skirmisher (level 1, -8/23 HPs)
             Began as a Gnoll Abyssal Knight on Dec 11, 2021.
             Was a Follower of Lugonu.
             Killed from afar by a white imp (10 damage)
             ... with a puff of frost
             ... on level 1 of the Abyss.
             The game lasted 00:00:43 (288 turns).

Gargoyl the Skirmisher (Gnoll Abyssal Knight)        Turns: 288, Time: 00:00:44

Health: -8/23      AC:  3    Str:  8    XL:     1   Next: 0%
Magic:  2/2        EV: 10    Int:  5    God:    Lugonu [*.....]
Gold:   7          SH:  0    Dex: 12    Spells: 0/0 levels left

rFire   . . .      SeeInvis .   a - +1 hand axe
rCold   . . .      Faith    .   (no shield)
rNeg    . . .      Spirit   .   c - +0 ring mail
rPois   .          Reflect  .   (no helmet)
rElec   .          Harm     .   (no cloak)
rCorr   .          Rampage  .   (no gloves)
Will    .....      Rage     3%  (no boots)
Stlth   +.........              (no amulet)
HPRegen 0.00/turn               (no ring)
MPRegen 0.08/turn               (no ring)

@: sick
A: fangs 1, strong nose, distributed training, [berserk 2], [deformed body],
[deterioration 2], [dopey 2], [low mp 2], [screaming 2], [weak 2]
a: Renounce Religion, Depart the Abyss


You were on level 1 of the Abyss.
You worshipped Lugonu.
Lugonu was aware of your devotion.
You visited 0 branches of the dungeon, and saw 0 of its levels.
You visited the Abyss 1 time.

You collected 7 gold pieces.

Inventory:

Hand Weapons
 a - a +1 hand axe (weapon)
Armour
 c - a +0 ring mail (worn)


   Skills:
 + Level 6.4 Fighting
 + Level 0.0 Short Blades
 + Level 0.0 Long Blades
 + Level 4.4 Axes
 + Level 0.0 Maces & Flails
 + Level 0.0 Polearms
 + Level 0.0 Staves
 + Level 0.0 Slings
 + Level 0.0 Bows
 + Level 0.0 Crossbows
 + Level 0.0 Throwing
 + Level 4.4 Armour
 + Level 2.3 Dodging
 + Level 0.0 Stealth
 + Level 0.0 Shields
 + Level 0.0 Unarmed Combat
 + Level 0.0 Spellcasting
 + Level 0.0 Conjurations
 + Level 0.0 Hexes
 + Level 0.0 Summonings
 + Level 0.0 Necromancy
 + Level 0.0 Translocations
 + Level 0.0 Transmutations
 + Level 0.0 Fire Magic
 + Level 0.0 Ice Magic
 + Level 0.0 Air Magic
 + Level 0.0 Earth Magic
 + Level 0.0 Poison Magic
 + Level 4.4 Invocations
 + Level 0.0 Evocations


You couldn't memorise any spells.
You didn't know any spells.
Your spell library was empty.

Dungeon Overview and Level Annotations

Branches:
Dungeon (0/15)

Altars:


Innate Abilities, Weirdness & Mutations

You have very sharp teeth.
Your uncanny sense of smell can sniff out nearby items.
Your experience applies equally to all skills.
[You often lose your temper in combat.]
[Armour fits poorly on your strangely shaped body.]
[Your body often deteriorates upon taking damage.]
[You are very dopey. (Int -4)]
[Your magical capacity is very low. (-20% MP)]
[You frequently scream uncontrollably at your foes.]
[You are very weak. (Str -4)]


Message History

You feel ill.
A raiju comes into view.
A smoke demon comes into view.
The smoke demon roars!
You feel ill. The smoke demon gestures at you. The ball of steam misses you.
The smoke demon closely misses you. The smoke demon barely misses you.
The smoke demon closely misses you. The smoke demon gestures at you.
The ball of steam hits you!!
Ouch! That really hurt!
* * * LOW HITPOINT WARNING * * *
The ancient zyme is engulfed in a cloud of scalding steam.
Found a scroll labelled DEKHEG ULOFAV.
You feel ill.
You are suddenly pulled into a different region of the Abyss!
A wretched star comes into view.
The wretched star pulses with an eldritch light!
You feel weaker. x2
A tentacled starspawn comes into view.
The wretched star pulses with an eldritch light!
You feel a little pissed off.
You feel angry.
A white imp and a starspawn tentacle come into view.
The white imp shouts, "Despond, thou qualling dismal-dreaming nightsoil!"
A starspawn tentacle comes into view.
The starspawn tentacle grabs you. The starspawn tentacle constricts you.
* * * LOW HITPOINT WARNING * * *
You escape the starspawn tentacle's grasp.
A glowing orange brain comes into view.
The wretched star pulses with an eldritch light!
Your body twists and deforms.
The wretched star pulses with an eldritch light!
You feel the urge to shout.
You feel a strong urge to scream.
You feel less energetic. x2
The wretched star pulses with an eldritch light!
You feel stupid. x2; You feel yourself wasting away.
You feel your body start to fall apart. The white imp gestures at you.
The puff of frost hits you!
You die...

#.......###..#..#.# .
.....#....#..##.###.
.#..#..##......#....#..
##.... ..#.#5.......#.#
###...##. ..##......# .
#..## #...#.#..#.....
... ...#...#..##.#.##
..#..#.##.....#. .##
.#...#@..##
#..#..##....# .. #.#
.#.#.# #. .. #### . ###
. ##


You could see a white imp.

Vanquished Creatures (others)
  2 starspawn tentacles (Abyss:1)
2 creatures vanquished.

Notes
Turn   | Place    | Note
-------+----------+-------------------------------------------
     0 | Abyss:1  | Gargoyl the Gnoll Abyssal Knight began the quest for the
                  | Orb.
     0 | Abyss:1  | Reached XP level 1. HP: 23/23 MP: 3/3
    31 | Abyss:1  | Found a corrupted altar of Lugonu.
   121 | Abyss:1  | Noticed an ancient zyme
   137 | Abyss:1  | Noticed a raiju
   144 | Abyss:1  | Noticed a smoke demon
   242 | Abyss:1  | Noticed a wretched star
   272 | Abyss:1  | Noticed a tentacled starspawn
   276 | Abyss:1  | Noticed a glowing orange brain
   288 | Abyss:1  | Killed from afar by a white imp

Illustrated notes

Levels and vault maps discovered:
Abyss:1:  base: Temple, base: Temple, hangedman_decor_points,
          hangedman_decor_points

Action                   || total
-------------------------++-------
Dodge: Dodged            ||     4

Table legend: (Time is in decaauts)
 A = Elapsed time spent in this place.
 B = Non-inter-level travel time spent in this place.
 C = Inter-level travel time spent in this place.
 D = Time resting spent in this place.
 E = Time spent auto-exploring this place.
 F = Levels seen in this place.
 G = Mean time per level.
                   A        B        C        D        E       F      G
               +--------+--------+--------+--------+--------+-----+--------+
         Total |    288 |    288 |      0 |      0 |    166 |   1 |  288.0 |
         Abyss |    288 |    288 |      0 |      0 |    166 |   1 |  288.0 |
               +--------+--------+--------+--------+--------+-----+--------+

Top non-repeatable levels by time:
 Abyss:1: 288 daAuts
